Map: Acropolis LE

Players

SandboX - Winner!

  • Race: Zerg Zerg
  • League: Gold
  • Spawn Location: 5:00

Spencebot

  • Race: Terran Terran
  • League: Gold
  • Spawn Location: 11:00

VOD

Have the link to the VOD?

Description

Time

  • Played on: Aug. 10, 2019, 4:49 p.m.
  • Length: 11:22
Show
View Real Time Build Order
Export as new Build Order

SandboX Zerg - Winner!

Build Orders: Hatch First, Roach Hydra 

Get SALT Encoding   

  12  0:01  Drone  
  13  0:12  Overlord  
  13  0:18  Drone  
  14  0:37  Drone x3  
  17  0:54  Hatchery  
  16  0:58  Drone  
  16  1:00  Drone  
  16  1:04  Extractor  
  17  1:17  Spawning Pool  
  16  1:20  Drone  
  16  1:24  Drone  
  18  1:35  Drone  
  19  1:49  Overlord  
  19  1:57  Drone  
  20  2:05  Zergling x2  
  20  2:07  Zergling x2  
  22  2:13  Queen x2  
  22  2:14  Metabolic Boost  
  26  2:18  Drone  
  26  2:21  Drone  
  28  2:37  Drone  
  28  2:38  Drone  
  30  2:52  Hatchery  
  30  2:58  Drone x4  
  33  3:02  Overlord  
  33  3:19  Drone x3  
  36  3:21  Overlord x2  
  36  3:27  Drone  
  36  3:28  Drone x2  
  36  3:30  Drone  
  36  3:32  Drone  
  41  3:34  Drone  
  41  3:39  Spore Crawler  
  41  3:42  Spore Crawler  
  40  3:48  Roach Warren  
  39  4:08  Extractor  
  38  4:12  Extractor  
  37  4:17  Drone x5  
  37  4:18  Drone x7  
  37  4:19  Overlord x2  
  49  4:31  Lair  
  49  4:38  Evolution Chamber  
  48  4:39  Queen  
  48  4:40  Evolution Chamber  
  48  4:41  Drone x2  
  51  4:53  Drone x7  
  58  5:06  Zerg Missile Weapons Level 1  
  58  5:07  Zerg Ground Armor Level 1  
  50  5:28  Drone  
  50  5:29  Drone x11  
  50  5:31  Glial Reconstitution  
  60  5:38  Extractor  
  60  5:40  Hydralisk Den  
  60  5:42  Extractor  
  57  5:44  Extractor  
  56  5:57  Queen  
  56  6:03  Drone x2  
  56  6:04  Drone x6  
  66  6:15  Hydralisk x7  
  80  6:26  Roach  
  80  6:28  Overlord x4  
  73  6:44  Drone x8  
  81  6:49  Hydralisk  
  83  6:54  Muscular Augments  
  83  7:23  Spore Crawler  
  83  7:26  Drone x3, Spore Crawler  
  83  7:27  Drone x6, Spore Crawler  
  89  7:33  Zerg Ground Armor Level 2, Zerg Missile Weapons Level 2  
  89  7:40  Hatchery  
  88  7:55  Overlord  
  88  7:56  Overlord x3  
  88  7:58  Roach x13  
  114  8:14  Roach x5  
  124  8:37  Hydralisk  
  124  8:38  Hydralisk x6  
  138  8:44  Overlord x3  
  138  8:45  Overlord x2  
  138  8:52  Grooved Spines  
  138  9:01  Queen  
  138  9:12  Roach x12  
  162  9:24  Overlord x5  
  162  9:25  Hydralisk x2  
  162  9:26  Roach  
  162  9:27  Roach x4  
  162  9:30  Overseer  
  164  10:12  Hydralisk, Roach  
  164  10:13  Hydralisk x5, Roach x12  
  168  10:27  Hydralisk x11  
  182  10:58  Hatchery  
Show
View Real Time Build Order
Export as new Build Order

Spencebot Terran 

Build Orders: Liberator Opening 

Get SALT Encoding   

  12  0:02  SCV  
  13  0:14  SCV  
  13  0:17  Supply Depot  
  14  0:26  SCV  
  15  0:29  Refinery  
  15  0:39  SCV  
  16  0:45  Barracks  
  16  0:57  SCV  
  17  1:09  Supply Depot  
  17  1:10  SCV  
  18  1:22  SCV  
  19  1:34  SCV  
  20  1:46  SCV  
  20  1:47  Factory  
  21  1:48  Marine  
  22  1:58  SCV  
  23  2:02  Refinery  
  23  2:06  Marine  
  24  2:12  Orbital Command  
  24  2:24  Marine  
  24  2:39  Starport, Factory Tech Lab  
  24  2:41  SCV  
  24  2:42  Marine  
  26  3:00  Bunker  
  26  3:05  Siege Tank  
  29  3:07  SCV  
  29  3:11  Marine  
  31  3:29  Supply Depot  
  31  3:34  Liberator  
  31  3:35  Supply Depot  
  31  3:46  Command Center  
  31  3:51  SCV  
  35  4:04  Engineering Bay, Factory Tech Lab  
  35  4:06  Marine  
  35  4:08  Stimpack  
  36  4:14  SCV  
  37  4:21  Supply Depot  
  37  4:26  Marine  
  37  4:30  Engineering Bay  
  38  4:33  Terran Infantry Weapons Level 1  
  38  4:47  SCV  
  39  4:58  Marine  
  39  4:59  SCV  
  41  5:01  Medivac  
  43  5:12  Barracks  
  43  5:14  Barracks  
  43  5:16  Marine  
  43  5:17  Terran Infantry Armor Level 1, Armory  
  44  5:27  Missile Turret  
  44  5:32  Orbital Command  
  41  5:37  SCV  
  42  5:44  Marine  
  42  5:49  Supply Depot  
  43  5:50  Missile Turret  
  43  5:58  SCV x2  
  43  6:02  Marine  
  46  6:09  Barracks Reactor  
  46  6:10  SCV  
  47  6:16  Barracks Reactor  
  47  6:24  Marine  
  44  6:42  Marauder  
  44  6:46  Marine x2  
  47  6:48  Starport Reactor  
  47  6:59  Terran Infantry Weapons Level 2  
  47  7:01  Missile Turret  
  47  7:03  Marine  
  47  7:05  Combat Shield  
  48  7:12  Refinery  
  48  7:15  Refinery  
  48  7:17  SCV x2  
  48  7:21  Marine  
  51  7:25  Missile Turret  
  51  7:26  Command Center  
  51  7:27  Marine x4  
  55  7:34  Medivac  
  57  7:39  Marine  
  57  7:42  SCV  
  57  7:43  SCV  
  60  7:45  Siege Tank, Marine x4  
  60  7:46  Medivac  
  69  7:56  Marine  
  70  8:14  Marine x5  
  75  8:31  Marine, Barracks x2  
  76  8:40  Marine x4  
  80  8:47  SCV x2  
  82  8:49  Marine  
  83  8:57  Marine  
  83  8:58  Marine x3  
  83  8:59  SCV  
  88  9:07  Marine  
  83  9:15  Marine x2  
  83  9:16  Marine x2  
  83  9:25  Marine  
  83  9:26  SCV x2  
  86  9:33  Marine x3  
  86  9:34  Marine  
  86  9:35  Orbital Command  
  90  9:43  Marine  
  90  9:44  Barracks Reactor x2  
  91  9:49  Medivac  
  93  10:02  Supply Depot  
  93  10:06  Marine x3  
  93  10:07  Marine x2  
  93  10:08  Medivac  
  93  10:09  Siege Tank  
  61  10:23  Marine x3  
  61  10:24  Supply Depot  
  61  10:25  Marine x2  
  63  10:35  Command Center  
  63  10:40  Marine x2  
  63  10:41  Marine x5  
  55  10:50  Marine  
  55  10:51  Marine  
  42  10:58  Marine x3  
  42  10:59  Marine x4  
Tags
 
Add a new tag
Caveats
  • Supply blocks, unpowered buildings, or Contaminate may cause inaccurate times.
  • Supply counts are checked every 10 seconds.